AoeStats
← Jakobob

Arena

508035396Analyzed
1v1 RM · 11d ago on Sep 20, 2026· 39m 35s· 2 players
Game mode
Random Map
Map size
Tiny (2 player)
Population
200
Speed
Normal
Resources
Standard
Victory
Conquest
Starting age
Dark Age
Ending age
Imperial Age
RankedLock teamsTeams togetherTeam positionsShared explorationLock speedFull tech treeHidden civsTurbo modeCheats
Victory
Defeat
🇩🇪 Franks · Germany
711
+24
🇧🇪 Khmer · Belgium
719
-16
Jakobob
5:48 Loom
12:13 Feudal Age
14:34 Wheelbarrow
13:56 Double-Bit Axe
14:35 Gold Mining
18:18 Castle Age
19:08 Forging
19:02 Scale Mail Armor
21:54 Pikeman
22:34 Squires
25:25 Stone Mining
27:10 Bow Saw
30:05 Hand Cart
30:19 Town Watch
31:22 Scale Barding Armor
31:33 Chain Mail Armor
35:25 Imperial Age
36:19 Chain Barding Armor
36:32 Cavalier
37:13 Husbandry
40:19 Iron Casting
aoe2belgian
11:32 Feudal Age
14:03 Wheelbarrow
13:17 Loom
17:07 Castle Age
15:13 Double-Bit Axe
15:36 Horse Collar
23:38 Bloodlines
26:49 Heavy Plow
27:04 Bow Saw
28:31 Wheelbarrow
31:39 Imperial Age
30:16 Stone Mining
30:16 Gold Mining
31:02 Hand Cart
30:37 Town Watch
32:19 Gold Shaft Mining
32:19 Stone Shaft Mining
32:25 Stone Shaft Mining
33:06 Town Patrol
33:24 Fletching
33:44 Forging
33:40 Scale Barding Armor
33:51 Siege Engineers
34:48 Chemistry
36:02 Conscription
36:20 Hoardings
36:56 Murder Holes
39:04 Husbandry
39:40 Bodkin Arrow
Connection lost

Rejoining the realm…

Still unreachable

The connection could not be restored.

Session expired

The server has moved on; the page needs a fresh start.